 Dungeon Crawl Stone Soup version 0.21.1-1-g345015f (webtiles) character file.

40 Wander the Magician (level 3, 24/24 HPs)
             Began as a Human Wanderer on Apr 15, 2018.
             Quit the game on level 2 of the Dungeon.
             The game lasted 00:03:52 (1578 turns).

Wander the Magician (Human Wanderer)                Turns: 1578, Time: 00:03:53

Health: 24/24      AC:  2    Str: 10    XL:     3   Next: 72%
Magic:  6/8        EV: 11    Int: 15    God:
Gold:   40         SH:  0    Dex: 12    Spells: 9/10 levels left

rFire    . . .     SeeInvis .   e - +0 dagger
rCold    . . .     Gourm    .   (no shield)
rNeg     . . .     Faith    .   k - +0 robe (curse)
rPois    .         Spirit   .   (no helmet)
rElec    .         Reflect  .   (no cloak)
rCorr    .         Harm     .   (no gloves)
MR       .....                  (no boots)
Stlth    +.........             (no amulet)
HPRegen  0.08/turn              (no ring)
MPRegen  0.11/turn              (no ring)

@: no status effects
A: no striking features
a: no special abilities


You were on level 2 of the Dungeon.
You were not hungry.

You visited 1 branch of the dungeon, and saw 2 of its levels.

You collected 40 gold pieces.

Inventory:

Hand Weapons
 e - a +0 dagger (weapon)
Armour
 d - a +0 robe
 k - a cursed +0 robe (worn)
Scrolls
 c - 2 scrolls of teleportation
 g - a scroll of remove curse {unknown}
 h - 2 scrolls of enchant armour {unknown}
 m - a scroll of fog {unknown}
Potions
 i - a potion of brilliance {unknown}
 j - a potion of invisibility {unknown}
 l - a potion of cancellation {unknown}
 n - a potion of might {unknown}
Books
 a - a book of Minor Magic

   Spells                             Type                      Level
   a - Magic Dart                     Conjuration                  1
   b - Blink                          Translocation                2
   c - Call Imp                       Summoning                    2
   d - Slow                           Hexes                        2
   e - Conjure Flame                  Conjuration/Fire             3
   f - Mephitic Cloud                 Conjuration/Poison/Air       3
 b - the Grimoire of Evil

   Spells                             Type                      Level
   a - Corpse Rot                     Necromancy                   2
   b - Sublimation of Blood           Necromancy                   2
Comestibles
 f - 3 rations


   Skills:
   Level 1.0 Shields
 - Level 4.0 Spellcasting
 * Level 3.3 Conjurations
   Level 3.0 Hexes
   Level 1.0 Evocations


You had 9 spell levels left.
You knew the following spells:

 Your Spells              Type           Power        Failure   Level  Hunger
a - Magic Dart            Conj           ##..         4%          1    None


Dungeon Overview and Level Annotations

Branches:
Dungeon (2/15)

Altars:


Message History

Casting: Magic Dart
Confirm with . or Enter, or press ? or * to list all spells.
Aiming: Magic Dart
Press: ? - help, Shift-Dir - straight line, f - rat
Aim: a rat The magic dart hits the rat.
The rat is moderately wounded.
Okay, then.
Casting: Magic Dart
Confirm with . or Enter, or press ? or * to list all spells.
Aiming: Magic Dart
Press: ? - help, Shift-Dir - straight line, f/p - rat
Aim: a rat (moderately wounded)
The magic dart hits the rat.
You kill the rat!
Okay, then.
Quiver which item? (- for none, * to show all) (? for menu, Esc to quit)
Okay, then.
Unknown command.
Are you sure you want to abandon this character and quit the game? (Confirm with "yes".)

#..........#
#.###.###..#
#.#+#.###..##
#............
#.....###.##.
#.........#
#.......#..#
#.......##.#.#
#.......@....#
#...............
#.....#.........
#...............
#.......##†.....
......!.. ......
....#...# ......
...... ......


There were no monsters in sight!

Vanquished Creatures
  An ooze (D:1)
  A dart slug (D:1)
  3 leopard geckos (D:1)
  A giant cockroach (D:2)
  8 goblins
  2 hobgoblins (D:1)
  A quokka (D:2)
  A ball python (D:1)
  3 bats
  4 kobolds
  8 rats
33 creatures vanquished.

Notes
Turn   | Place    | Note
-------+----------+-------------------------------------------
     0 | D:1      | Wander the Human Wanderer began the quest for the Orb.
     0 | D:1      | Wander set off with: a book of Minor Magic, the Grimoire of Evil, a scroll of teleportation, a +0 robe, a +0 dagger, a ration
     0 | D:1      | Reached XP level 1. HP: 13/13 MP: 5/5
     0 | D:1      | Identified the Grimoire of Evil
     2 | D:1      | Learned a level 1 spell: Magic Dart
   247 | D:1      | Reached XP level 2. HP: 19/19 MP: 1/7
   692 | D:1      | Reached XP level 3. HP: 24/24 MP: 3/8
  1578 | D:2      | Quit the game

Skill      XL: |  1  2  3 |
---------------+----------+-----
Conjurations   | 2 3 |  3.3
Shields        | |  1.0
Spellcasting   | |  4.0
Hexes          | |  3.0
Evocations     | |  1.0

Action                   || total
-------------------------++-------
Melee: Dagger            ||     5
 Cast: Magic Dart        ||    72
  Eat: Chunk             ||     2
Armor: Robe              ||     5
Dodge: Dodged            ||    11
